 Dungeon Crawl Stone Soup version 0.21-a0-349-g0c35859 (webtiles) character file.

114 VirginKiller the Ducker (level 4, 38/38 HPs)
             Began as a Gnoll Gladiator on Oct 8, 2017.
             Got out of the dungeon alive.
             The game lasted 00:07:23 (885 turns).

VirginKiller the Ducker (Gnoll Gladiator)            Turns: 885, Time: 00:07:23

Health: 38/38      AC:  4    Str: 17    XL:     4   Next: 98%
Magic:  5/5        EV: 16    Int: 11    God:
Gold:   66         SH:  0    Dex: 16    Spells: 5/5 levels left

rFire    . . .     SeeInvis .     - Unarmed
rCold    . . .     Gourm    .   (no shield)
rNeg     . . .     Faith    .   a - +0 leather armour
rPois    .         Spirit   .   b - +0 helmet
rElec    .         Reflect  .   (no cloak)
rCorr    .         Harm     .   (no gloves)
MR       .....                  (no boots)
Stlth    ++........             (no amulet)
HPRegen  0.12/turn              (no ring)
MPRegen  0.09/turn              (no ring)

@: no status effects
A: distributed training, fangs 1, strong nose
a: no special abilities


You escaped.
You were not hungry.

You visited 1 branch of the dungeon, and saw 2 of its levels.

You collected 66 gold pieces.

Inventory:

Missiles
 c - 3 throwing nets (quivered)
Armour
 a - a +0 leather armour (worn)
 b - a +0 helmet (worn)
Jewellery
 m - an uncursed ring of wizardry {unknown}
Scrolls
 e - 3 scrolls of enchant weapon {unknown}
 f - a scroll of fear {unknown}
 g - 2 scrolls of noise {unknown}
 j - a scroll of immolation {unknown}
 k - 3 scrolls of remove curse {unknown}
 l - a scroll of identify {unknown}
Potions
 i - a potion of berserk rage {unknown}
Comestibles
 d - a bread ration


   Skills:
 + Level 4.7 Fighting
 + Level 1.2 Short Blades
 + Level 1.2 Long Blades
 + Level 1.2 Axes
 + Level 1.2 Maces & Flails
 + Level 1.2 Polearms
 + Level 1.2 Staves
 + Level 1.2 Slings
 + Level 1.2 Bows
 + Level 1.2 Crossbows
 + Level 4.7 Throwing
 + Level 1.2 Armour
 + Level 6.6 Dodging
 + Level 1.2 Stealth
 + Level 1.2 Shields
 + Level 6.6 Unarmed Combat
 + Level 1.2 Spellcasting
 + Level 1.2 Conjurations
 + Level 1.2 Hexes
 + Level 1.2 Charms
 + Level 1.2 Summonings
 + Level 1.2 Necromancy
 + Level 1.2 Translocations
 + Level 1.2 Transmutations
 + Level 1.2 Fire Magic
 + Level 1.2 Ice Magic
 + Level 1.2 Air Magic
 + Level 1.2 Earth Magic
 + Level 1.2 Poison Magic
 + Level 1.2 Invocations
 + Level 1.2 Evocations


You had 5 spell levels left.
You didn't know any spells.

Dungeon Overview and Level Annotations

Branches:
Dungeon (2/15)

Altars:


Innate Abilities, Weirdness & Mutations

Your experience applies equally to all skills.
You have very sharp teeth.
Your uncanny sense of smell can sniff out nearby items.


Message History

You punch the dart slug!
You kill the dart slug!
No target in view!
No target in view!
Found 10 gold pieces.
You now have 66 gold pieces (gained 10).
Found a scale mail.
You open the door.
There is an open door here.
Found a scroll labeled FEYKYS IZEAGAIHIA.
k - 3 scrolls labeled FEYKYS IZEAGAIHIA (gained 1)
Found an escape hatch in the ceiling.
There is an escape hatch in the ceiling here.
A mysterious force pulls you upwards. The hatch slams shut behind you.
You enter the shallow water.
Moving in this stuff is going to be slow.
HP restored.
There is a staircase leading out of the dungeon here.
Are you sure you want to leave the Dungeon?
This will make you lose the game!
You have escaped!

.##.....#................#.....#.
.##......#####...........###...#.
.........#####.........#.# #.....
............##.........#.# #.....
............####.......#.###.....
............# #...........#.....
.......###### #.###.......####..
.....### #.# #.......# #.. .....#
#@# #.(.....# #.. ...### #.#
#.......# #.. #### #.# #.......#
#.. #.###.......# #..
#...........# #..
########..######.. #.>....##..
######.##.. #.##..


There were no monsters in sight!

Vanquished Creatures
  A howler monkey (D:2)
  A gnoll (D:1)
  3 adders (D:2)
  An ooze (D:2)
  A dart slug (D:2)
  A leopard gecko (D:1)
  A ball python (D:2)
  6 bats
  2 giant cockroaches
  3 goblins (D:2)
  7 hobgoblins
  A kobold (D:2)
  3 frilled lizards
  3 rats (D:2)
34 creatures vanquished.

Notes
Turn   | Place    | Note
-------+----------+-------------------------------------------
     0 | D:1      | VirginKiller the Gnoll Gladiator began the quest for the Orb.
     0 | D:1      | Reached XP level 1. HP: 20/20 MP: 1/1
   289 | D:1      | Reached XP level 2. HP: 26/26 MP: 2/2
   409 | D:2      | Reached XP level 3. HP: 26/31 MP: 3/3
   431 | D:2      | Reached skill level 1 in Short Blades
   431 | D:2      | Reached skill level 1 in Long Blades
   431 | D:2      | Reached skill level 1 in Axes
   431 | D:2      | Reached skill level 1 in Maces & Flails
   431 | D:2      | Reached skill level 1 in Polearms
   431 | D:2      | Reached skill level 1 in Staves
   431 | D:2      | Reached skill level 1 in Slings
   431 | D:2      | Reached skill level 1 in Bows
   431 | D:2      | Reached skill level 1 in Crossbows
   431 | D:2      | Reached skill level 1 in Armour
   431 | D:2      | Reached skill level 1 in Stealth
   431 | D:2      | Reached skill level 1 in Shields
   431 | D:2      | Reached skill level 1 in Spellcasting
   431 | D:2      | Reached skill level 1 in Conjurations
   431 | D:2      | Reached skill level 1 in Hexes
   431 | D:2      | Reached skill level 1 in Charms
   431 | D:2      | Reached skill level 1 in Summonings
   431 | D:2      | Reached skill level 1 in Necromancy
   431 | D:2      | Reached skill level 1 in Translocations
   431 | D:2      | Reached skill level 1 in Transmutations
   431 | D:2      | Reached skill level 1 in Fire Magic
   431 | D:2      | Reached skill level 1 in Ice Magic
   431 | D:2      | Reached skill level 1 in Air Magic
   431 | D:2      | Reached skill level 1 in Earth Magic
   431 | D:2      | Reached skill level 1 in Poison Magic
   431 | D:2      | Reached skill level 1 in Invocations
   431 | D:2      | Reached skill level 1 in Evocations
   431 | D:2      | Reached XP level 4. HP: 34/38 MP: 3/5
   885 | D:$      | Got out of the dungeon alive.

Vault maps used:
D:1:      dpeg_arrival_tiny_j, minmay_crystal_water, minmay_surrounded
D:2:      minmay_splitting_lines, hangedman_feature_mirror

Skill      XL: |  1  2  3 |
---------------+----------+-----
Short Blades   | 1 |  1.2
Long Blades    | 1 |  1.2
Axes           | 1 |  1.2
Maces & Flails | 1 |  1.2
Polearms       | 1 |  1.2
Staves         | 1 |  1.2
Slings         | 1 |  1.2
Bows           | 1 |  1.2
Crossbows      | 1 |  1.2
Armour         | 1 |  1.2
Stealth        | 1 |  1.2
Shields        | 1 |  1.2
Spellcasting   | 1 |  1.2
Conjurations   | 1 |  1.2
Hexes          | 1 |  1.2
Charms         | 1 |  1.2
Summonings     | 1 |  1.2
Necromancy     | 1 |  1.2
Translocations | 1 |  1.2
Transmutations | 1 |  1.2
Fire Magic     | 1 |  1.2
Ice Magic      | 1 |  1.2
Air Magic      | 1 |  1.2
Earth Magic    | 1 |  1.2
Poison Magic   | 1 |  1.2
Invocations    | 1 |  1.2
Evocations     | 1 |  1.2
Fighting       | |  4.7
Throwing       | |  4.7
Dodging        | |  6.6
Unarmed Combat | |  6.6

Action                   |  1- 3 |  4- 6 || total
-------------------------+-------+-------++-------
Melee: Unarmed           |    49 |    63 ||   112
       Bite              |     9 |     7 ||    16
       Punch             |       |     2 ||     2
 Stab: Sleeping          |     1 |     1 ||     2
Armor: Leather armour    |    12 |    12 ||    24
Dodge: Dodged            |    50 |    61 ||   111

Table legend:
 A = Spawn XP
 B = Non-spawn XP
 C = Spawn XP percentage of total XP
 D = Spawn monster count
 E = Non-spawn monster count
 F = Spawn count percentage of total count
 G = Total turns spent on level
                    A         B        C        D         E        F      G
               +---------+---------+-------+---------+---------+-------+---------
         Total |       0 |     164 |   0.0 |       0 |      34 |   0.0 |   885
               +---------+---------+-------+---------+---------+-------+---------
           D:1 |       0 |      33 |   0.0 |       0 |      10 |   0.0 |   439
           D:2 |       0 |     131 |   0.0 |       0 |      24 |   0.0 |   446
               +---------+---------+-------+---------+---------+-------+---------
